 Dungeon Crawl Stone Soup version 0.28.0-1-gb440e238dd (webtiles) character file.

Game seed: 15712035779705906953

61 croobank the Sneak (level 4, 0/27 HPs)
             Began as an Octopode Fire Elementalist on Feb 23, 2022.
             Was an Initiate of Vehumet.
             Slain by a centaur (6 damage)
             ... on level 3 of the Dungeon.
             The game lasted 00:04:58 (1882 turns).

croobank the Sneak (Octopode Fire Elementalist)     Turns: 1882, Time: 00:04:58

Health: 0/27       AC:  1    Str:  7    XL:     4   Next: 7%
Magic:  2/7        EV: 13    Int: 19    God:    Vehumet [......]
Gold:   115        SH:  0    Dex: 12    Spells: 4/7 levels left

rFire   . . .      SeeInvis .   b - +1 short sword (drain)
rCold   . . .      Faith    .   (no shield)
rNeg    . . .      Spirit   .   (helmet restricted)
rPois   .          Reflect  .   (no amulet)
rElec   .          Harm     .   c - ring of wizardry
rCorr   .          Rampage  .   (no ring)
Will    .....                   (no ring)
Stlth   +++.......              (no ring)
HPRegen 0.09/turn               (no ring)
MPRegen 0.10/turn               (no ring)
                                (no ring)
                                (no ring)

@: no status effects
A: almost no armour, amphibious, 8 rings, camouflage 1, gelatinous body 1,
(nimble swimmer 1), tentacles
a: Renounce Religion


You were on level 3 of the Dungeon.
You worshipped Vehumet.
Vehumet was noncommittal.
You visited 1 branch of the dungeon, and saw 3 of its levels.

You collected 115 gold pieces.

Inventory:

Hand Weapons
 b - a +1 short sword of draining (weapon)
Missiles
 a - 56 stones
 h - 23 arrows
 i - 2 boomerangs
Jewellery
 c - a ring of wizardry (left tentacle)
Potions
 d - a potion of magic {unknown}
 e - 4 potions of curing {unknown}
 f - a potion of resistance {unknown}
 g - a potion of flight {unknown}
 k - a potion of haste {unknown}


   Skills:
 + Level 2.5 Dodging
 + Level 3.6 Stealth
 + Level 2.4 Spellcasting
 + Level 1.8 Conjurations
 + Level 3.4 Fire Magic


You had 4 spell levels left.
You knew the following spells:

 Your Spells              Type           Power      Damage    Failure   Level
a - Foxfire               Conj/Fire      48%        2x1d6     2%          1
b - Scorch                Fire           30%        2d7       2%          2

Your spell library contained the following spells:

 Spells                   Type           Power      Damage    Failure   Level
 Conjure Flame            Conj/Fire      12%        6-21      7%          3
 Inner Flame              Hex/Fire       8%         N/A       10%         3
 Flame Wave               Conj/Fire      12%        2d6       22%         4


Dungeon Overview and Level Annotations

Branches:
Dungeon (3/15)

Altars:
Dithmenos
Vehumet
Wu Jian
Zin

Shops:
D:2 =

Annotations:
D:3 2 runed translucent doors, wootz's ghost, weakling DgFi


Innate Abilities, Weirdness & Mutations

You cannot wear most types of armour.
You are amphibious.
You can wear up to eight rings at the same time.
Your skin changes colour to match your surroundings (Stealth+).
Your rubbery body absorbs attacks. (AC +1, EV +1)
((You are camouflaged when in or above water. (Stealth+)))
You have tentacles for arms and can constrict up to eight enemies at once.


Message History

A ball python comes into view.
The ball python hisses angrily.
This spell is potentially lethal to cast!
Memorise Flame Wave, consuming 4 spell levels and leaving 0?
You start memorising the spell.
You continue memorising.
The ball python bites you.
Your memorisation is interrupted.
The ball python closely misses you.
Casting: Scorch (safe; 2% risk of failure)
Confirm with . or Enter, or press ? or * to list all spells.
You conjure some foxfire!
The ball python bites you. The ball python barely misses you.
Your foxfire dissipates!
The foxfire hits the ball python.
The ball python is moderately wounded.
A centaur comes into view.
You hit the ball python.
You kill the ball python!
Vehumet accepts your kill.
The centaur wields a +0 shortbow.
The centaur shoots an arrow.
The arrow hits you!
The centaur shoots an arrow.
The arrow closely misses you.
The centaur shoots an arrow.
The arrow hits you.
Casting: Foxfire (safe; 2% risk of failure)
Confirm with . or Enter, or press ? or * to list all spells.
Flames lash the centaur.
The centaur is heavily wounded.
The centaur's fire resistance burns away.
You hear an angry hiss.
The centaur shoots an arrow.
The arrow misses you.
Casting: Scorch (safe; 2% risk of failure)
Confirm with . or Enter, or press ? or * to list all spells.
Flames lash the centaur.
The centaur is burned terribly!
The centaur is almost dead.
An adder comes into view.
The centaur shoots an arrow.
The arrow hits you.
* * * LOW HITPOINT WARNING * * *
You hit the centaur.
The centaur is almost dead.
The centaur unwields a +0 shortbow.
The centaur hits you.
You die...

####### #.....#
#.....### #
#........
#####.###†#######
......c@........#
..###.###.##....#
.. #.##....# ...
#.##.#### .S.
##+##'## ..
#......# .
#......####
#.........##
#.>........#


You could see a centaur (combustible) and an adder.

Vanquished Creatures
  An adder (D:3)
  3 dart slugs
  An orc (D:3)
  3 endoplasms
  3 giant cockroaches
  4 hobgoblins
  3 quokkas
  3 ball pythons
  3 bats (D:1)
  7 frilled lizards
  6 goblins
  3 kobolds
  5 rats
45 creatures vanquished.

Vanquished Creatures (others)
  76 foxfires
76 creatures vanquished.

Grand Total: 121 creatures vanquished

Notes
Turn   | Place    | Note
-------+----------+-------------------------------------------
     0 | D:1      | croobank the Octopode Fire Elementalist began the quest for
                  | the Orb.
     0 | D:1      | Reached XP level 1. HP: 11/11 MP: 3/3
   377 | D:1      | Reached XP level 2. HP: 17/17 MP: 1/5
   776 | D:1      | Reached XP level 3. HP: 21/21 MP: 4/6
  1030 | D:2      | Learned a level 2 spell: Scorch
  1308 | D:2      | Found Zurchobu's Jewellery Boutique.
  1321 | D:2      | Identified the +0 ring mail "Poillobu" {rC+ Regen+ Dex-3
                  | SInv}
  1677 | D:3      | Found a glowing silver altar of Zin.
  1678 | D:3      | Found a radiant altar of Vehumet.
  1679 | D:3      | Found an ornate altar of the Wu Jian Council.
  1679 | D:3      | Found a shadowy altar of Dithmenos.
  1685 | D:3      | Became a worshipper of Vehumet
  1714 | D:3      | Found a runed translucent door.
  1718 | D:3      | Noticed wootz's ghost (weakling DgFi)
  1784 | D:3      | Found a runed translucent door.
  1817 | D:3      | Reached XP level 4. HP: 27/27 MP: 3/7
  1877 | D:3      | Noticed a centaur
  1882 | D:3      | Slain by a centaur

Illustrated notes

Levels and vault maps discovered:
D:1:      dpeg_arrival_rhombi, layout_basic
D:2:      layout_basic, serial_shops, nicolae_shop_stone, columned_hall_lemuel,
          minmay_lizard_pond
D:3:      layout_basic, grunt_temple_overflow_open, ebering_ghost_sewer_f

Skill      XL: |  1  2 |
---------------+-------+-----
Stealth        | 3 |  3.6
Dodging        | |  2.5
Spellcasting   | |  2.4
Conjurations   | |  1.8
Fire Magic     | |  3.4

Action                   |  1- 3 |  4- 6 || total
-------------------------+-------+-------++-------
Melee: Unarmed           |     4 |       ||     4
       Constrict         |     7 |       ||     7
       Short sword       |    17 |     2 ||    19
       Tentacles         |     2 |       ||     2
 Cast: Foxfire           |    45 |     1 ||    46
       Scorch            |     3 |     2 ||     5
  Use: Scroll            |     3 |       ||     3
 Stab: Sleeping          |     1 |       ||     1
Armor: Skin              |     1 |       ||     1
Dodge: Dodged            |    15 |     4 ||    19
